 Dungeon Crawl Stone Soup version 0.28-a0-1334-g1c9ffb4daf (webtiles) character file.

Game seed: 10446734638387060491

2414 HessuHobo the Cudgeller (level 9, -10/88 HPs)
             Began as a Troll Berserker on Dec 28, 2021.
             Was a Believer of Trog.
             Mangled by a two-headed ogre (17 damage)
             ... on level 8 of the Dungeon.
             The game lasted 00:09:04 (7677 turns).

HessuHobo the Cudgeller (Troll Berserker)           Turns: 7677, Time: 00:09:05

Health: -10/88     AC:  6    Str: 27    XL:     9   Next: 23%
Magic:  8/8        EV: 11    Int:  3    God:    Trog [**....]
Gold:   455        SH:  5    Dex: 13    Spells: 8/8 levels left

rFire   . . .      SeeInvis .   M - +0 flail
rCold   . . .      Faith    .   (no shield)
rNeg    + . .      Spirit   .   y - +2 robe {Will+}
rPois   .          Reflect  +   (helmet restricted)
rElec   .          Harm     .   (no cloak)
rCorr   +          Rampage  .   (gloves unavailable)
Will    +....                   (boots unavailable)
Stlth   +.........              c - amulet of reflection
HPRegen 1.04/turn               A - ring of resist corrosion
MPRegen 0.11/turn               l - ring of positive energy

@: on berserk cooldown, slowed, very slow
A: large, unfitting armour, claws 3, regeneration 1, shaggy fur 1, tough skin 1
a: Renounce Religion, Berserk, Trog's Hand


You were on level 8 of the Dungeon.
You worshipped Trog.
Trog was pleased with you.
You visited 1 branch of the dungeon, and saw 8 of its levels.

You collected 455 gold pieces.

Inventory:

Hand Weapons
 D - a +0 giant spiked club
 M - a +0 flail (weapon)
Missiles
 f - 206 stones
 i - 5 javelins
 q - 3 large rocks (quivered)
 r - 38 poisoned darts
Armour
 b - a +0 animal skin
 y - a +2 robe of willpower (worn)
Jewellery
 c - an amulet of reflection (around neck)
 h - a ring of fire
 l - a ring of positive energy (right claw)
 w - a +6 ring of intelligence
 A - a ring of resist corrosion (left claw)
 H - a +4 ring of protection
 J - an amulet of the acrobat
Wands
 B - a wand of digging (1)
 G - a wand of paralysis (10)
 I - a wand of acid (7)
Scrolls
 j - a scroll of blinking {unknown}
 k - a scroll of fog {unknown}
 m - 2 scrolls of fear {unknown}
 n - a scroll of summoning {unknown}
 o - 6 scrolls of identify {unknown}
 p - a scroll of amnesia {unknown}
 t - a scroll of immolation {unknown}
 v - a scroll of magic mapping {unknown}
 x - a scroll of teleportation {unknown}
 C - a scroll of brand weapon {unknown}
Potions
 d - 5 potions of flight {unknown}
 e - 6 potions of curing
 g - a potion of brilliance
 s - 3 potions of ambrosia {unknown}
 u - a potion of mutation {unknown}
 z - a potion of degeneration {unknown}
 E - a potion of invisibility {unknown}
 F - a potion of heal wounds {unknown}
 K - a potion of might {unknown}
 L - a potion of lignification {unknown}


   Skills:
 + Level 5.4 Fighting
 * Level 7.7 Maces & Flails
 + Level 4.5 Throwing
 + Level 5.4 Dodging


You had 8 spell levels left.
You didn't know any spells.
Your spell library was empty.

Dungeon Overview and Level Annotations

Branches:
Dungeon (8/15)             Temple (0/1) D:6
   Lair: D:8-11

Altars:
Elyvilon
Gozag
Hepliaklqana
Makhleb
Nemelex Xobeh
Qazlal
Sif Muna
Wu Jian
Zin

Shops:
D:1 [

Annotations:
D:6 3 runed translucent doors, stillor's ghost, novice DrTm


Innate Abilities, Weirdness & Mutations

You are too large for most types of armour.
You have claws for hands.
Your natural rate of healing is unusually fast.
You are covered in fur. (AC +1)
You have tough skin. (AC +1)


Message History

The gnoll shaman mumbles some strange prayers to its god.
The gnoll shaman is healed somewhat.
You feel your anger nearly subside.
You are no longer berserk.
You are exhausted.
You feel yourself slow down.
The gnoll shaman calls upon its god to speed up the gnoll.
The gnoll seems to speed up.
The gnoll barely misses you.
There is an open door here.
The gnoll closely misses you. The gnoll barely misses you.
The gnoll hits you with a +0 flail!
* * * LOW HITPOINT WARNING * * *
The gnoll hits you with a +0 flail!
* * * LOW HITPOINT WARNING * * *
The gnoll hits you with a +0 flail!
* * * LOW HITPOINT WARNING * * *
The gnoll hits you with a +0 flail!
* * * LOW HITPOINT WARNING * * *
Your skin crawls.
You feel strong-willed. The gnoll barely misses you. The gnoll misses you.
The gnoll is no longer moving quickly.
You block the two-headed ogre's attack. The two-headed ogre barely misses you.
The two-headed ogre closely misses you. The two-headed ogre barely misses you.
The two-headed ogre hits you with a +0 giant spiked club!
* * * LOW HITPOINT WARNING * * *
The two-headed ogre barely misses you.
You feel the effects of Trog's Hand fading.
The two-headed ogre hits you with a +0 giant spiked club!!
* * * LOW HITPOINT WARNING * * *
The two-headed ogre closely misses you. You block the two-headed ogre's attack.
The two-headed ogre hits you with a +0 giant club!
* * * LOW HITPOINT WARNING * * *
Okay, then.
Okay, then.
Your skin stops crawling.
You feel less strong-willed.
The gnoll is no longer moving quickly.
The two-headed ogre hits you with a +0 giant spiked club!
You die...

##'#####################
#..........g.gg..g#
#################.#
#...# #g### #g# #g# #O#
#@# ........# #########


You could see a two-headed ogre, a gnoll shaman and 2 gnolls.

Vanquished Creatures
  Sigmund (D:4)
  An acid dragon (D:7)
  A water moccasin (D:7)
  A black bear (D:7)
  3 ogres
  A hornet zombie (D:7)
  A necrophage (D:4)
  3 centaurs
  2 bullfrogs (D:7)
  4 scorpions
  A water moccasin zombie (D:5)
  A water moccasin skeleton (D:5)
  4 killer bees (D:7)
  A crimson imp (D:4)
  A centaur zombie (D:7)
  3 hounds
  3 jellies
  2 orc priests (D:4)
  4 iguanas
  An orc wizard (D:4)
  A howler monkey skeleton (D:6)
  2 gnolls (D:7)
  8 adders
  2 white imps
  An adder skeleton (D:4)
  5 worms
  3 dart slugs (D:1)
  8 orcs
  3 endoplasms
  A giant cockroach (D:3)
  5 goblins
  4 hobgoblins
  3 jackals (D:1)
  7 kobolds
  2 quokkas
  8 ball pythons
  5 bats
  11 frilled lizards
  5 rats
123 creatures vanquished.

Vanquished Creatures (others)
  4 plants (D:1)
4 creatures vanquished.

Grand Total: 127 creatures vanquished

Notes
Turn   | Place    | Note
-------+----------+-------------------------------------------
     0 | D:1      | HessuHobo the Troll Berserker began the quest for the Orb.
     0 | D:1      | Reached XP level 1. HP: 22/22 MP: 0/0
     2 | D:1      | Noticed a ghoul
     2 | D:1      | Noticed a gargoyle
     4 | D:1      | Noticed an ogre
     4 | D:1      | Noticed a tengu
     6 | D:1      | Noticed a vampire
     8 | D:1      | Noticed a troll
     8 | D:1      | Noticed an elf
    10 | D:1      | Noticed a demigod
    12 | D:1      | Noticed a formicid
    12 | D:1      | Noticed a spriggan
    14 | D:1      | Noticed a human
    16 | D:1      | Noticed a dwarf
    16 | D:1      | Noticed an octopode
    18 | D:1      | Noticed a minotaur
    20 | D:1      | Noticed a merfolk
    20 | D:1      | Noticed a vine stalker
    22 | D:1      | Noticed a felid
    22 | D:1      | Noticed a draconian
    24 | D:1      | Noticed a demonspawn
    24 | D:1      | Noticed a naga
   167 | D:1      | Reached XP level 2. HP: 29/29 MP: 1/1
   255 | D:1      | Found Jarytit's Armour Boutique.
   309 | D:1      | Reached skill level 3 in Maces & Flails
   625 | D:1      | Found a faded altar of an unknown god.
   766 | D:1      | Reached XP level 3. HP: 34/36 MP: 2/2
   899 | D:1      | Reached ** piety under Trog
  1027 | D:2      | Reached XP level 4. HP: 40/45 MP: 3/3
  2565 | D:4      | Reached XP level 5. HP: 53/53 MP: 4/4
  2779 | D:4      | Reached skill level 4 in Maces & Flails
  2943 | D:4      | Reached skill level 1 in Throwing
  2995 | D:4      | Noticed an ogre
  2997 | D:4      | Killed an ogre
  2998 | D:4      | Reached XP level 6. HP: 61/61 MP: 5/5
  3341 | D:4      | Noticed Sigmund
  3360 | D:4      | Killed Sigmund
  3361 | D:4      | Reached skill level 5 in Maces & Flails
  3361 | D:4      | Reached XP level 7. HP: 68/68 MP: 6/6
  3464 | D:4      | Found an ornate altar of the Wu Jian Council.
  3845 | D:5      | Entered Level 5 of the Dungeon
  4169 | D:5      | Found a glowing silver altar of Zin.
  4227 | D:5      | Found an opulent altar of Gozag.
  4499 | D:5      | Found a stormy altar of Qazlal.
  4741 | D:5      | Reached skill level 6 in Maces & Flails
  4741 | D:5      | Reached XP level 8. HP: 79/79 MP: 7/7
  5181 | D:6      | Found a burning altar of Makhleb.
  5184 | D:6      | Found a shimmering blue altar of Sif Muna.
  5253 | D:6      | Found a hazy altar of Hepliaklqana.
  5255 | D:6      | Found a white marble altar of Elyvilon.
  5261 | D:6      | Found a sparkling altar of Nemelex Xobeh.
  5626 | D:6      | Found a runed translucent gate.
  5626 | D:6      | Found a runed translucent gate.
  5626 | D:6      | Found a runed translucent gate.
  5634 | D:6      | Noticed stillor's ghost (novice DrTm)
  5661 | D:6      | Identified the +2 leather armour "Xapn" {rElec rCorr Int-5
                  | Slay+2}
  5719 | D:6      | Found a staircase to the Ecumenical Temple.
  6210 | D:7      | Identified the +7 morningstar of Departure {pain, *Rage
                  | Str+5}
  6245 | D:7      | Reached skill level 5 in Fighting
  6245 | D:7      | Reached skill level 7 in Maces & Flails
  6245 | D:7      | Reached skill level 5 in Dodging
  6796 | D:7      | Reached XP level 9. HP: 79/88 MP: 8/8
  7161 | D:7      | Reached *** piety under Trog
  7640 | D:8      | Noticed a two-headed ogre
  7674 | D:8      | HP: 1/88 [two-headed ogre (14)]
  7677 | D:8      | Mangled by a two-headed ogre

Illustrated notes

Levels and vault maps discovered:
D:1:      kb_arrival_jail, layout_loops_ring, serial_shops, shop,
          hellmonk_ecumenical_altar_run_dry, minmay_lizard_king
D:2:      layout_basic, minmay_fractal_squares_5
D:3:      layout_loops_ring, corexii_item_surrounded_by_moat
D:4:      layout_basic, overflow_temple_1_default, dk_noncrumbling_2,
          minmay_fire_ice_demons, uniq_sigmund
D:5:      layout_loops_cross, pdpol_temple_overflow_zin_treasury_gozag_greed,
          nicolae_qazlal_scattered_showers, kennysheep_cross_bottleneck,
          ebering_dispersal_statue_hall
D:6:      layout_rooms, nicolae_overflow_hallway_of_the_gods,
          lemuel_temple_firewalk_a, gammafunk_ghost_necromancy
D:7:      layout_basic
D:8:      layout_basic, david_lair_generic

Skill      XL: |  1  2  3  4  5  6  7  8 |
---------------+-------------------------+-----
Maces & Flails | 3 4 5 6 7 |  7.7
Fighting       | 3 4 5 |  5.4
Dodging        | 3 4 5 |  5.4
Throwing       | 1 2 3 4 |  4.5

Action                   |  1- 3 |  4- 6 |  7- 9 || total
-------------------------+-------+-------+-------++-------
Melee: Mace              |    93 |   213 |   235 ||   541
       Flail             |       |       |    12 ||    12
Throw: Stone             |       |     6 |     5 ||    11
       Large rock        |       |    13 |    25 ||    38
Invok: Berserk           |       |     2 |     1 ||     3
       Trog's Hand       |       |     2 |     1 ||     3
 Stab: Sleeping          |       |     2 |       ||     2
Armor: Animal skin       |    28 |    62 |       ||    90
       Robe              |       |       |    73 ||    73
Dodge: Dodged            |    56 |    96 |   148 ||   300
Block: Other             |       |       |    73 ||    73
       Reflection        |       |       |     2 ||     2

Table legend: (Time is in decaauts)
 A = Elapsed time spent in this place.
 B = Non-inter-level travel time spent in this place.
 C = Inter-level travel time spent in this place.
 D = Time resting spent in this place.
 E = Time spent auto-exploring this place.
 F = Levels seen in this place.
 G = Mean time per level.
                   A        B        C        D        E       F      G
               +--------+--------+--------+--------+--------+-----+--------+
         Total |   7819 |   7469 |    350 |   2381 |   3798 |   8 |  977.4 |
       Dungeon |   7819 |   7469 |    350 |   2381 |   3798 |   8 |  977.4 |
               +--------+--------+--------+--------+--------+-----+--------+

Top non-repeatable levels by time:
     D:4: 1634 daAuts
     D:7: 1534 daAuts
     D:6: 1050 daAuts
     D:1: 976 daAuts
     D:5: 957 daAuts
     D:3: 856 daAuts
     D:2: 695 daAuts
     D:8: 114 daAuts
